 Seeded DCSS version 0.29.1-2-gbd0b4ee654 (webtiles) character file.

Game seed: 1 (custom seed)

2985 Kazon the Trooper (level 9, -7/69 HPs)
             Began as a Mummy Fighter on Oct 27, 2022.
             Was a Follower of Makhleb.
             Killed by divine providence
             ... invoked by an orc priest
              (14 damage)
             ... on level 6 of the Dungeon on Oct 28, 2022.
             The game lasted 00:20:50 (5474 turns).

Kazon the Trooper (Mummy Fighter)                   Turns: 5474, Time: 00:20:52

Health: -7/69      AC: 11    Str: 24    XL:     9   Next: 53%
Magic:  10/10      EV: 10    Int: 10    God:    Makhleb [*.....]
Gold:   271        SH:  4    Dex: 11    Spells: 8/8 levels left

rFire   x . .      SeeInvis +   s - +3 falchion of Winter {venom, rCorr}
rCold   + + .      Faith    .   c - +0 buckler
rNeg    + + +      Spirit   .   b - +0 scale mail
rPois   ∞          Reflect  .   h - +0 helmet
rElec   +          Harm     .   (no cloak)
rCorr   +          Rampage  .   (no gloves)
Will    ++...                   f - +2 pair of boots
Stlth   ..........              k - amulet of the acrobat
HPRegen 0.21/turn               d - ring of Ennyoph {rElec Will+ Str+3 SInv}
MPRegen 0.12/turn               x - ring of protection from cold

@: no status effects
A: cold resistance 1, negative energy resistance 3, torment resistance 2, heat
vulnerability 1, in touch with death 1, no potions
a: Renounce Religion


You were on level 6 of the Dungeon.
You worshipped Makhleb.
Makhleb was aware of your devotion.
You visited 2 branches of the dungeon, and saw 8 of its levels.

You collected 455 gold pieces.
You spent 184 gold pieces at shops.

Inventory:

Hand Weapons
 a - a +1 long sword of protection
 e - a +2 dagger of venom
 s - the +3 falchion of Winter (weapon) {venom, rCorr}
   (You bought it in a shop on level 3 of the Dungeon)

   It poisons the flesh of those it strikes.
   rCorr:     It protects you from acid and corrosion.
Missiles
 g - 17 stones (quivered)
 l - 5 boomerangs
 m - a throwing net
 q - 8 poisoned darts
 v - 3 curare-tipped darts
Armour
 b - a +0 scale mail (worn)
 c - a +0 buckler (worn)
 f - a +2 pair of boots (worn)
 h - a +0 helmet (worn)
Jewellery
 d - the ring of Ennyoph (left hand) {rElec Will+ Str+3 SInv}
   (You acquired it on level 1 of the Dungeon)

   [ring of willpower]

   Str:       It affects your strength (+3).
   rElec:     It insulates you from electricity.
   SInv:      It lets you see invisible.
   Will:      It increases your willpower.
 k - an amulet of the acrobat (around neck)
 x - a ring of protection from cold (right hand)
Wands
 t - a wand of mindburst (17)
 w - a wand of flame (12)
 y - a wand of paralysis (10)
Scrolls
 i - 5 scrolls of identify
 j - 2 scrolls of immolation
 n - 2 scrolls of fog
 o - a scroll of teleportation
 p - a scroll of poison
 r - a scroll of magic mapping
 u - a scroll of enchant weapon
 z - a scroll of fear {unknown}


   Skills:
 * Level 6.3 Fighting
 + Level 2.1(4.4) Short Blades
 + Level 6.1(6.3) Long Blades
 + Level 2.1 Throwing
 + Level 4.9 Armour
 + Level 2.4 Dodging
 + Level 0.7 Stealth
 + Level 3.6 Shields
 * Level 2.4 Invocations
 * Level 3.4 Evocations


You had 8 spell levels left.
You didn't know any spells.
Your spell library contained the following spells:

 Spells                   Type           Power      Damage    Failure   Level
 Apportation              Tloc           0%         N/A       75%         1
 Necrotise                Necr           0%         1d4       75%         1
 Sting                    Tmut/Pois      0%         1d3       75%         1
 Summon Small Mammal      Summ           0%         N/A       75%         1
 Poisonous Vapours        Pois/Air       0%         N/A       87%         2
 Olgreb's Toxic Radiance  Pois           0%         N/A       100%        4
 Fireball                 Conj/Fire      0%         3d3       100%        5
 Iskenderun's Battlesphe  Conj           0%         2d6       100%        5
 Conjure Ball Lightning   Conj/Air       0%         3x3d6     100%        6
 Orb of Destruction       Conj           0%         9d5       100%        7


Dungeon Overview and Level Annotations

Branches:
Dungeon (7/15)             Temple (1/1) D:7

Altars:
Ashenzari
Gozag
Hepliaklqana
Makhleb
Okawaru
Uskayaw

Shops:
D:3 (


Innate Abilities, Weirdness & Mutations

You are immune to poison.
Your flesh is cold resistant. (rC+)
You are immune to negative energy. (rN+++)
You are immune to unholy pain and torment.
You are vulnerable to heat. (rF-)
You are in touch with the powers of death.
You do not drink.


Message History

Beogh smites you!
The centaur hits you but does no damage.
The centaur misses you.
You hit the centaur.
The centaur looks as sick as possible!
The centaur is severely wounded.
The centaur hits you. You block the centaur's attack.
You hit the centaur but do no damage.
The centaur looks as sick as possible!
The centaur is almost dead.
The centaur hits you but does no damage.
The centaur closely misses you.
The centaur hits you but does no damage.
The centaur kicks you but does no damage.
You hit the centaur.
You kill the centaur!
Makhleb accepts your kill.
The orc priest calls down the wrath of Beogh upon you.
Beogh smites you!
The orc priest mumbles some strange prayers to Beogh against you.
Beogh smites you!
You slash the orc!
You kill the orc!
Makhleb accepts your kill.
You feel better.
The orc priest begins to cast a cantrip, but forgets the words!
You closely miss the orc. The orc hits you but does no damage.
You closely miss the orc. The orc hits you but does no damage.
You barely miss the orc. The orc barely misses you.
The orc priest invokes the aid of Beogh against you.
Beogh smites you!
You slash the orc!
You kill the orc!
Makhleb accepts your kill.
You hit the orc priest.
The orc priest is poisoned.
The orc priest is moderately wounded.
The orc priest calls down the wrath of Beogh upon you.
Beogh smites you!
* * * LOW HITPOINT WARNING * * *
The orc priest invokes the aid of Beogh against you.
Beogh smites you!
You die...

#...## #.###
####'#### #.......#
##.......#
#........#
###.#####.#
######.........#
#oo@.#.......#.#
#....##.........#.#
#... ###.......#.#
#... #..!......#
... ########### .#


You could see 2 orc priests.

Vanquished Creatures
  A yak (D:6)
  Eustachio (D:5)
  Menkaure (D:5)
  Edmund (D:6)
  2 water moccasins
  2 orc warriors (D:6)
  3 sky beasts
  2 black bears (D:6)
  4 centaurs
  An ogre (D:6)
  A phantom (D:6)
  2 kobold brigands
  3 necrophages
  5 scorpions
  A howler monkey (D:5)
  A jelly (D:6)
  A hound (D:4)
  2 orc priests
  3 iguanas
  Robin (D:3)
  6 gnolls
  10 adders
  A shadow imp (D:6)
  An ufetubus (D:5)
  3 worms
  17 orcs
  11 endoplasms
  A giant cockroach (D:1)
  16 goblins
  9 hobgoblins
  A jackal (D:4)
  17 kobolds
  A quokka (D:1)
  5 ball pythons
  4 bats
  3 frilled lizards
  6 rats
150 creatures vanquished.

Vanquished Creatures (others)
  A quokka (D:7)
1 creature vanquished.

Grand Total: 151 creatures vanquished

Notes
Turn   | Place    | Note
-------+----------+-------------------------------------------
     0 | D:1      | Kazon the Mummy Fighter began the quest for the Orb.
     0 | D:1      | Reached XP level 1. HP: 18/18 MP: 1/1
    32 | D:1      | Identified a scroll of acquirement
    32 | D:1      | Acquired the ring of Ennyoph {rElec Will+ Str+3 SInv}
   159 | D:1      | Reached XP level 2. HP: 15/24 MP: 2/2
   945 | D:2      | Gained mutation: You are in touch with the powers of death.
                  | [Mummy growth]
   945 | D:2      | Reached XP level 3. HP: 28/29 MP: 3/3
  1280 | D:2      | Reached XP level 4. HP: 29/35 MP: 4/4
  1395 | D:3      | Found Umat's Antique Weapon Boutique.
  1422 | D:3      | Bought a crude falchion for 184 gold pieces
  1422 | D:3      | Identified the +3 falchion of Winter {venom, rCorr} (You
                  | bought it in a shop on level 3 of the Dungeon)
  1874 | D:3      | Reached XP level 5. HP: 41/41 MP: 5/5
  1876 | D:3      | Noticed Robin
  1898 | D:3      | Killed Robin
  1899 | D:3      | Reached skill level 1 in Throwing
  2274 | D:4      | Reached skill level 1 in Short Blades
  2441 | D:4      | Reached skill level 1 in Dodging
  2711 | D:4      | Reached XP level 6. HP: 48/48 MP: 6/6
  2812 | D:4      | Found a hazy altar of Hepliaklqana.
  3170 | D:5      | Entered Level 5 of the Dungeon
  3412 | D:5      | Noticed a water moccasin
  3419 | D:5      | Killed a water moccasin
  3420 | D:5      | Reached XP level 7. HP: 39/54 MP: 7/7
  3571 | D:5      | Noticed Menkaure
  3573 | D:5      | Killed Menkaure
  3574 | D:5      | Reached skill level 1 in Evocations
  3918 | D:5      | Reached skill level 5 in Fighting
  3918 | D:5      | Reached XP level 8. HP: 57/62 MP: 8/8
  3983 | D:5      | Noticed Eustachio
  3997 | D:5      | Killed Eustachio
  4557 | D:7      | Found a hide-covered altar of Uskayaw.
  4565 | D:7      | Found a staircase to the Ecumenical Temple.
  4575 | Temple   | Entered the Ecumenical Temple
  4582 | Temple   | Became a worshipper of Makhleb the Destroyer
  4753 | D:6      | Reached skill level 1 in Invocations
  4762 | D:6      | Reached skill level 5 in Long Blades
  4808 | D:6      | Reached XP level 9. HP: 35/69 MP: 8/10
  5114 | D:6      | Noticed Edmund
  5143 | D:6      | Killed Edmund
  5238 | D:6      | Reached * piety under Makhleb
  5474 | D:6      | Killed from afar by an orc priest

Illustrated notes

Levels and vault maps discovered:
D:1:      dpeg_arrival_three_smaller_balls, layout_basic
D:2:      layout_loops_ring
D:3:      layout_basic, serial_shops, nicolae_shop_stone, st_stairs_9,
          minmay_misc_feat_doors, eino_curves_03, uniq_robin
D:4:      minmay_wonky_spiral, layout_basic,
          mainiacjoe_overflow_surrounded_room, minivault_5
D:5:      layout_cave_pods, uniq_menkaure, uniq_eustachio
D:6:      cheibrodos_barr_body, layout_basic, minmay_crystal_room,
          minmay_pentangle, uniq_maggie, uniq_edmund
D:7:      layout_cave_pools, nicolae_uskayaw_murder_on_the_dancefloor,
          elyvilon_altar_4, minmay_temple_entry_purple_smoke
Temple:   nicolae_temple_bog_church

Skill      XL: |  1  2  3  4  5  6  7  8  9 |
---------------+----------------------------+-----
Long Blades    | 2 3 5 6 |  6.1
Throwing       | 1 2 |  2.1
Short Blades   | 1 2 |  2.1
Dodging        | 1 2 |  2.4
Shields        | 3 |  3.6
Armour         | 3 4 |  4.9
Fighting       | 4 5 6 |  6.3
Evocations     | 1 2 3 |  3.4
Invocations    | 1 2 |  2.4
Stealth        | |  0.7

Action                   |  1- 3 |  4- 6 |  7- 9 || total
-------------------------+-------+-------+-------++-------
Melee: Long sword        |    85 |       |       ||    85
       Dagger            |    22 |    98 |       ||   120
       Falchion          |       |    66 |   265 ||   331
Throw: Stone             |     3 |    29 |    36 ||    68
Evoke: Wand              |       |       |     3 ||     3
  Use: Scroll            |     1 |     2 |     5 ||     8
Armor: Scale mail        |    45 |    52 |   112 ||   209
Dodge: Dodged            |    69 |    62 |   140 ||   271
Block: Buckler           |    15 |    35 |    46 ||    96
